 Dungeon Crawl Stone Soup version 0.30-a0-782-ge64f9170bb (webtiles) character file.

Game seed: 2250574310645552389

53 Leeroy the Slasher (level 3, 0/27 HPs)
             Began as a Merfolk Gladiator on Feb 22, 2023.
             Slain by a goblin
             ... wielding a +0 dagger
             ... led by Robin
              (3 damage)
             ... on level 2 of the Dungeon.
             The game lasted 00:01:13 (764 turns).

Leeroy the Slasher (Merfolk Gladiator)               Turns: 764, Time: 00:01:13

Health: 0/27       AC:  6    Str: 14    XL:     3   Next: 87%
Magic:  3/3        EV: 13    Int:  7    God:
Gold:   134        SH:  0    Dex: 17    Spells: 2/2 levels left

rFire   . . .      SeeInvis .    a - +0 long sword
rCold   + . .      Faith    .    (no shield)
rNeg    . . .      Spirit   .    b - +0 leather armour
rPois   .          Reflect  .    c - +0 helmet
rElec   .          Harm     .    k - scarf {repulsion}
rCorr   .          Rampage  .    g - +1 pair of gloves
Will    .....                    (no boots)
Stlth   +                        (no amulet)
HPRegen 0.24/turn                j - ring of protection from cold
MPRegen 0.08/turn                (no ring)

@: hasted, repel missiles, very quick
A: (nimble swimmer 2), mertail
a: no special abilities


You were on level 2 of the Dungeon.
You visited 1 branch of the dungeon, and saw 2 of its levels.

You collected 134 gold pieces.

Inventory:

Hand Weapons
 a - a +0 long sword (weapon)
Missiles
 d - 3 throwing nets (quivered)
 e - a javelin
Armour
 b - a +0 leather armour (worn)
 c - a +0 helmet (worn)
 g - a +1 pair of gloves (worn)
 k - a scarf of repulsion (worn)
Jewellery
 j - a ring of protection from cold (left hand)
Scrolls
 f - 2 scrolls of teleportation {unknown}
 h - a scroll of fog {unknown}
 i - a scroll of identify {unknown}
 l - a scroll of blinking {unknown}


   Skills:
 - Level 2.1 Fighting
 + Level 5.6 Long Blades
 - Level 2.0 Throwing
 - Level 4.0 Dodging


You had 2 spell levels left.
You didn't know any spells.
Your spell library contained the following spells:

 Spells                   Type           Power      Damage    Failure   Level
 Chain Lightning          Conj/Air       0%         N/A       100%        9
 Fire Storm               Conj/Fire      0%         5d1       100%        9
 Shatter                  Erth           0%         3d5*      100%        9


Dungeon Overview and Level Annotations

Branches:
Dungeon (2/15)

Altars:

Shops:
D:1 [((

Annotations:
D:2 Robin


Innate Abilities, Weirdness & Mutations

((You are very nimble when in or above water. (Stealth+, EV+, Speed+++)))
Your lower body shifts to a powerful aquatic tail in water.


Message History

The hobgoblin attacks as you move away! The hobgoblin barely misses you.
The goblin hits you with a +0 dagger. x2
The goblin attacks as you move away! The goblin barely misses you.
The goblin attacks as you move away! The goblin hits you with a +0 dagger.
The hobgoblin attacks as you move away! The hobgoblin barely misses you.
The goblin attacks as you move away! The goblin hits you but does no damage.
The goblin no longer looks unusually strong. x2
The goblin hits you with a +0 dagger. The goblin attacks as you move away!
The goblin hits you with a +0 dagger. The hobgoblin attacks as you move away!
The hobgoblin barely misses you.
You slash the goblin!
You kill the goblin!
You closely miss the hobgoblin.
The hobgoblin no longer looks unusually strong. x2
Robin roars a battlecry!
The goblins go into a battle-frenzy!
The hobgoblin misses you. The hobgoblin hits you.
You hear a shout!
The hobgoblin attacks as you move away! The hobgoblin barely misses you.
The goblin no longer looks unusually strong.
Robin throws the goblin at you! The goblin misses you.
You barely miss the hobgoblin. The hobgoblin misses you.
You hit the hobgoblin.
The hobgoblin is heavily wounded.
The hobgoblin hits you.
* * * LOW HITPOINT WARNING * * *
You hit the hobgoblin but do no damage.
The hobgoblin is heavily wounded.
The hobgoblin hits you.
* * * LOW HITPOINT WARNING * * *
You hit the hobgoblin.
The hobgoblin is severely wounded.
The hobgoblin hits you but does no damage.
You hit the hobgoblin.
You kill the hobgoblin!
You hit the goblin.
You kill the goblin!
It was a potion of haste.
You feel yourself speed up. The goblin hits you with a +0 dagger.
You die...

......####### ....#.#
#.# ###...## #.#
####...## #.#
......g.## #.#
......#g.# #.#
.......#.# #.#
.........## #.#
..........### #@#
####.......g####g#
#......gggg.gg#
#....##.>###### #
####......#.######.#
...................#
..........#.....#####.#
............#.).......#
..........#.#.#.#######


You could see a hobgoblin (strong) and 2 goblins.

Vanquished Creatures
  An adder (D:2)
  3 bats (D:1)
  5 endoplasms (D:1)
  2 giant cockroaches
  5 goblins
  3 hobgoblins
  12 jackals (D:1)
  2 ball pythons (D:1)
  A frilled lizard (D:1)
  A rat (D:2)
35 creatures vanquished.

Notes
Turn   | Place    | Note
-------+----------+-------------------------------------------
     0 | D:1      | Leeroy the Merfolk Gladiator began the quest for the Orb.
     0 | D:1      | Reached XP level 1. HP: 16/16 MP: 1/1
    54 | D:1      | Reached skill level 4 in Long Blades
   103 | D:1      | Reached XP level 2. HP: 22/22 MP: 2/2
   147 | D:1      | Found Mycoxasch's Weapon Shop.
   206 | D:1      | Found Woiroluk's Weapon Emporium.
   267 | D:1      | Reached XP level 3. HP: 21/27 MP: 3/3
   308 | D:1      | Reached skill level 5 in Long Blades
   340 | D:1      | Found Qera's Antique Armour Boutique.
   734 | D:2      | Noticed Robin
   764 | D:2      | Slain by a goblin

Illustrated notes

Levels and vault maps discovered:
D:1:      dpeg_arrival_pits, layout_rooms, serial_shops, shop,
          nicolae_shop_competitors_out_of_business, shop
D:2:      layout_basic, basic_ecumenical_altar, minmay_bisected, uniq_robin

Skill      XL: |  1  2  3 |
---------------+----------+-----
Long Blades    | 4 5 |  5.6
Fighting       | |  2.1
Throwing       | |  2.0
Dodging        | |  4.0

Action                     || total
---------------------------++-------
  Melee: Long sword        ||   112
    Use: Potion            ||     1
 Armour: Leather armour    ||    86
  Dodge: Dodged            ||   185

Table legend: (Time is in decaauts)
 A = Elapsed time spent in this place.
 B = Non-inter-level travel time spent in this place.
 C = Inter-level travel time spent in this place.
 D = Time resting spent in this place.
 E = Time spent auto-exploring this place.
 F = Levels seen in this place.
 G = Mean time per level.
                   A        B        C        D        E       F      G
               +--------+--------+--------+--------+--------+-----+--------+
         Total |    777 |    776 |      1 |      0 |    510 |   2 |  388.5 |
       Dungeon |    777 |    776 |      1 |      0 |    510 |   2 |  388.5 |
               +--------+--------+--------+--------+--------+-----+--------+

Top non-repeatable levels by time:
     D:1: 684 daAuts
     D:2: 93 daAuts
